 Dungeon Crawl Stone Soup version 0.31-a0-1083-g4fe0c3d (webtiles) character file.

Game seed: 945189710070202287

81 RemLezar the Sneak (level 4, -9/33 HPs)
             Began as a Vampire Brigand on Nov 27, 2023.
             Mangled by Crazy Yiuf
             ... wielding a +3 quarterstaff of chaos
              (12 damage)
             ... on level 2 of the Dungeon.
             The game lasted 00:14:37 (1409 turns).

RemLezar the Sneak (Vampire Brigand)                Turns: 1409, Time: 00:14:38

Health: -9/33      AC:  6    Str: 10    XL:     4   Next: 20%
Magic:  4/4        EV: 11    Int: 13    God:
Gold:   49         SH:  0    Dex: 17    Spells: 3/3 levels left

rFire   . . .        a - +2 dagger (flame)
rCold   . . .        (no shield)
rNeg    . . .        i - +2 leather armour {Will+}
rPois   .            (no helmet)
rElec   .            c - +0 cloak
rCorr   .            (no gloves)
SInv    +            (no boots)
Will    +....        (no amulet)
Stlth   ++++         (no ring)
HPRegen 0.45/turn    (no ring)
MPRegen 0.09/turn

%: no passive effects
@: healing quickly
A: alive, fangs 3, see invisible, vampiric 2
a: Exsanguinate


You were on level 2 of the Dungeon.
You visited 1 branch of the dungeon, and saw 2 of its levels.

You collected 49 gold pieces.

Inventory:

Hand Weapons
 a - a +2 dagger of flaming (weapon)
Missiles
 d - a poisoned dart (quivered)
 e - 3 curare-tipped darts
Armour
 b - a +0 robe
 c - a +0 cloak (worn)
 i - a +2 leather armour of willpower (worn)
Scrolls
 j - a scroll of revelation
 k - a scroll of immolation
Potions
 g - a potion of brilliance {unknown}
 h - a potion of resistance {unknown}
 l - a potion of degeneration {unknown}


   Skills:
 + Level 2.2 Fighting
 + Level 3.0 Short Blades
 + Level 1.8 Throwing
 + Level 0.2 Armour
 + Level 1.1 Dodging
 + Level 7.5 Stealth


You had 3 spell levels left.
You didn't know any spells.
Your spell library contained the following spells:

 Spells                   Type           Power      Damage    Failure   Level
 Magic Dart               Conj           0%         1d3       38%         1
 Sting                    Tmut/Pois      0%         1d3       38%         1
 Call Imp                 Summ           0%         N/A       54%         2
 Poisonous Vapours        Pois/Air       0%         N/A       54%         2
 Mephitic Cloud           Conj/Pois/Air  0%         N/A       77%         3
 Olgreb's Toxic Radiance  Pois           0%         N/A       99%         4


Dungeon Overview and Level Annotations

Branches:
Dungeon (2/15)

Altars:

Annotations:
D:2 Crazy Yiuf


Innate Abilities, Weirdness & Mutations

Your natural rate of healing is accelerated.
You have razor-sharp teeth.
You have supernaturally acute eyesight. (SInv)
You are afflicted with vampirism and can become a bat while bloodless.


Message History

Aim: Crazy Yiuf, wielding a +3 quarterstaff of chaos and wearing a +0 cloak (lightly wounded, poisoned, 61% to hit)
You throw a poisoned dart. The poisoned dart hits Crazy Yiuf.
Crazy Yiuf looks even sicker.
Crazy Yiuf is lightly wounded.
Throw: 3 darts (poison)
Press: ? - help, Q - select action, (/) - cycle Shift-Dir - straight line, f/p - Crazy Yiuf
Aim: Crazy Yiuf, wielding a +3 quarterstaff of chaos and wearing a +0 cloak (lightly wounded, very poisoned, 61% to hit)
You throw a poisoned dart.
The poisoned dart closely misses Crazy Yiuf.
Crazy Yiuf hits you with a +3 quarterstaff of chaos!
You resist with almost no effort.
You hit the fungus but do no damage.
Crazy Yiuf whimpers, "Snower!"
Crazy Yiuf laughs, "Line stair poople!"
Crazy Yiuf attacks as he pursues you!
Crazy Yiuf hits you with a +3 quarterstaff of chaos.
Crazy Yiuf freezes you. Crazy Yiuf attacks as he pursues you!
Crazy Yiuf hits you with a +3 quarterstaff of chaos.
You are poisoned.
You feel sick.
You feel sick.
Crazy Yiuf says, "Crazy?
Crazy!?
PORCUPINE!"
You feel sick. Crazy Yiuf attacks as he pursues you!
Crazy Yiuf barely misses you.
You feel sick.
Crazy Yiuf looks more healthy.
Crazy Yiuf attacks as he pursues you!
Crazy Yiuf hits you with a +3 quarterstaff of chaos!
* * * LOW HITPOINT WARNING * * *
You resist with almost no effort.
You feel sick.
You are no longer poisoned.
Throw: 2 darts (poison)
Press: ? - help, Q - select action, (/) - cycle Shift-Dir - straight line, f/p - Crazy Yiuf
Aim: Crazy Yiuf, wielding a +3 quarterstaff of chaos and wearing a +0 cloak (heavily wounded, 61% to hit)
You throw a poisoned dart. The poisoned dart hits Crazy Yiuf.
Crazy Yiuf is poisoned.
Crazy Yiuf is heavily wounded.
Crazy Yiuf hits you with a +3 quarterstaff of chaos!
You die...

#......# #..P## #..#.#..####
##.##..# #.P..# ##...#..####
#.##..# #....# #.........÷
#.##.†###..^.# ###.#..######
#.##....##...# #......######
####.##....###..#
#.#....###### #........###
##.###.###>....#
#........######g..........#)#
#.............@.....#####.#.#
###........############ #.#.#
...........# #.#.#
...........# ########.#.#
...........# #........#.#
........#### #.########.#
........# #.# #.# ........#
#.# #.# ........# #.# #.#


You could see Crazy Yiuf (poisoned).

Vanquished Creatures
  3 adders (D:2)
  2 worms (D:2)
  2 dart slugs
  7 bats
  5 endoplasms (D:1)
  A giant cockroach (D:1)
  5 hobgoblins
  2 quokkas
  6 ball pythons
  A frilled lizard (D:1)
  6 goblins
  A kobold (D:2)
  3 rats
44 creatures vanquished.

Notes
Turn   | Place    | Note
-------+----------+-------------------------------------------
     0 | D:1      | RemLezar the Vampire Brigand began the quest for the Orb.
     0 | D:1      | Reached XP level 1. HP: 16/16 MP: 1/1
    61 | D:1      | Reached skill level 6 in Stealth
   167 | D:1      | Reached XP level 2. HP: 22/22 MP: 2/2
   180 | D:1      | Found a faded altar of an unknown god.
   469 | D:1      | You fall into a shaft and drop 1 floor!
   508 | D:2      | Reached skill level 7 in Stealth
   597 | D:2      | Gained mutation: You are afflicted with vampirism and can
                  | become a bat while bloodless. [Vampire growth]
   597 | D:2      | Reached XP level 3. HP: 25/27 MP: 3/3
  1099 | D:2      | Reached XP level 4. HP: 33/33 MP: 4/4
  1376 | D:2      | Found a runed translucent door.
  1377 | D:2      | Noticed Crazy Yiuf
  1409 | D:2      | Mangled by Crazy Yiuf

Illustrated notes

Levels and vault maps discovered:
D:1:      roderic_chinese_lattice_arrival, layout_rooms,
          shapermc_ecumenical_altar_flowoftime, st_stairs_3, minivault_5,
          serial_park_tiny_1
D:2:      layout_basic, uniq_crazy_yiuf_cottage

Skill      XL: |  1  2  3  4 |
---------------+-------------+-----
Stealth        | 6 7 |  7.5
Fighting       | 2 |  2.2
Short Blades   | 3 |  3.0
Throwing       | |  1.8
Armour         | |  0.2
Dodging        | |  1.1

Action                     |  1- 3 |  4- 6 || total
---------------------------+-------+-------++-------
  Melee: Dagger            |    87 |    26 ||   113
         Punch             |     2 |       ||     2
         Bite              |     9 |     1 ||    10
  Throw: Dart              |    14 |     7 ||    21
    Use: Scroll            |     5 |       ||     5
   Stab: Sleeping          |     7 |     4 ||    11
 Armour: Robe              |    16 |       ||    16
         Leather armour    |    15 |    12 ||    27
  Dodge: Dodged            |    38 |    10 ||    48

Table legend: (Time is in decaauts)
 A = Elapsed time spent in this place.
 B = Non-inter-level travel time spent in this place.
 C = Inter-level travel time spent in this place.
 D = Time resting spent in this place.
 E = Time spent auto-exploring this place.
 F = Levels seen in this place.
 G = Mean time per level.
                   A        B        C        D        E       F      G
               +--------+--------+--------+--------+--------+-----+--------+
         Total |   1393 |   1347 |     46 |     28 |    475 |   2 |  696.5 |
       Dungeon |   1393 |   1347 |     46 |     28 |    475 |   2 |  696.5 |
               +--------+--------+--------+--------+--------+-----+--------+

Top non-repeatable levels by time:
     D:1: 697 daAuts
     D:2: 696 daAuts
